 Dungeon Crawl Stone Soup version 0.31-a0-408-gb642c7f9a3 (webtiles) character file.

Game seed: 1072034759682234650

13022 horus123 the Jinx (level 11, -14/60 HPs)
             Began as a Deep Elf Conjurer on July 30, 2023.
             Was an Elder of Vehumet.
             Demolished by a two-headed ogre
             ... wielding a +0 giant club
              (25 damage)
             ... on level 2 of the Orcish Mines.
             The game lasted 00:40:46 (12485 turns).

horus123 the Jinx (Deep Elf Conjurer)              Turns: 12485, Time: 00:40:46

Health: -14/60     AC:  7    Str:  6    XL:     11   Next: 70%
Magic:  18/25      EV: 17    Int: 28    God:    Vehumet [****..]
Gold:   736        SH:  0    Dex: 13    Spells: 1/26 levels left

rFire   . . .        B - +3 mace of a bazaar {venom, Int+2}
rCold   . . .        (no shield)
rNeg    . . .        G - +2 robe {Will+}
rPois   +            n - +2 helmet
rElec   .            (no cloak)
rCorr   .            (no gloves)
SInv    .            (no boots)
Will    ++...        q - amulet of magic regeneration
Stlth   ++           e - +5 ring of evasion
HPRegen 0.30/turn    m - ring of poison resistance
MPRegen 0.59/turn

%: no passive effects
@: no status effects
A: no striking features
a: Renounce Religion


You were on level 2 of the Orcish Mines.
You worshipped Vehumet.
Vehumet was greatly pleased with you.
You visited 3 branches of the dungeon, and saw 13 of its levels.

You collected 736 gold pieces.

Inventory:

Hand Weapons
 i - a +2 scythe of freezing
 B - the +3 mace of a bazaar (weapon) {venom, Int+2}
   (You found it on level 5 of the Dungeon)

   Int:       It affects your intelligence (+2).
Armour
 a - a +0 robe
 n - a +2 helmet (worn)
 F - a +2 robe of cold resistance
 G - a +2 robe of willpower (worn)
 L - +0 acid dragon scales
Magical Staves
 I - a staff of cold
 K - a staff of death
Jewellery
 e - a +5 ring of evasion (left hand)
 m - a ring of poison resistance (right hand)
 q - an amulet of magic regeneration (around neck)
Talismans
 u - a maw talisman
 D - a blade talisman
 J - a serpent talisman
Wands
 h - a wand of charming (14)
 s - a wand of flame (13)
 A - a wand of mindburst (8)
Scrolls
 f - 2 scrolls of noise
 l - a scroll of fear
 r - 5 scrolls of teleportation
 t - a scroll of blinking {unknown}
 v - 4 scrolls of poison {unknown}
 w - a scroll of acquirement {unknown}
 y - a scroll of revelation {unknown}
 z - 6 scrolls of identify {unknown}
 E - 2 scrolls of summoning
 H - a scroll of enchant armour
 N - a scroll of silence {unknown}
Potions
 b - 2 potions of magic
 c - 5 potions of brilliance {unknown}
 d - 2 potions of ambrosia {unknown}
 g - a potion of might {unknown}
 j - 4 potions of enlightenment {unknown}
 k - a potion of heal wounds {unknown}
 o - a potion of lignification {unknown}
 p - 3 potions of haste {unknown}
 x - 3 potions of curing {unknown}
 C - a potion of mutation {unknown}
Miscellaneous
 M - a sack of spiders


   Skills:
 - Level 3.0 Fighting
 - Level 2.4 Dodging
 - Level 2.4 Stealth
 - Level 8.0 Spellcasting
 - Level 8.3 Conjurations
 - Level 9.9 Hexes
 - Level 5.3 Necromancy
 - Level 5.0 Translocations
 + Level 9.6 Fire Magic
 - Level 6.0 Ice Magic
 - Level 7.9 Air Magic


You had one spell level left.
You knew the following spells:

 Your Spells              Type           Power      Damage    Failure   Level
a - Magic Dart            Conj           100%       1d8       1%          1
b - Searing Ray           Conj           100%       2d8       1%          2
c - Iskenderun's Mystic   Conj/Tloc      48%        2d11      1%          4
d - Anguish               Hex/Necr       26%        N/A       2%          4
e - Freezing Cloud        Conj/Ice/Air   26%        6-21      1%          5
f - Sandblast             Erth           22%        2d7       1%          1
g - Ignition              Fire           30%        3d10      80%         8

Your spell library contained the following spells:

 Spells                   Type           Power      Damage    Failure   Level
 Volatile Blastmotes      Fire/Tloc      100%       2d18      1%          3
 Summon Small Mammal      Summ           44%        N/A       4%          1
 Cigotuvi's Dreadful Rot  Necr/Pois/Air  72%        N/A       1%          2
 Dazzling Flash           Conj/Hex       100%       N/A       1%          3
 Ignite Poison            Fire/Tmut/Pois 29%        N/A       1%          3
 Portal Projectile        Hex/Tloc       100%       N/A       1%          3
 Summon Guardian Golem    Hex/Summ       38%        N/A       1%          3
 Tukima's Dance           Hex            61%        N/A       1%          3
 Cause Fear               Hex            30%        N/A       1%          4
 Fulminant Prism          Conj/Hex       29%        3d14      1%          4
 Olgreb's Toxic Radiance  Pois           11%        N/A       13%         4
 Call Canine Familiar     Summ           11%        N/A       14%         3
 Enfeeble                 Hex            30%        N/A       58%         7
 Discord                  Hex            30%        N/A       99%         8


Dungeon Overview and Level Annotations

Branches:
Dungeon (10/15)            Temple (1/1) D:7            Lair (0/5) D:10
    Orc (2/2) D:9
    Elf: Orc:2

Altars:
Ashenzari
Cheibriados
Dithmenos
Elyvilon
Fedhas
Gozag
Hepliaklqana
Kikubaaqudgha
Makhleb
Nemelex Xobeh
Okawaru
Qazlal
Ru
Sif Muna
Trog
Uskayaw
Vehumet
Wu Jian
Xom
Yredelemnul
Zin
The Shining One

Shops:
D:7 ?(([(   D:10 =


Message History

The orc priest calls down the wrath of Beogh upon you.
Beogh smites you!
The magic dart hits the orc priest.
You kill the orc priest!
Vehumet accepts your kill.
You feel your power returning.
The magic dart hits the orc wizard.
The orc wizard is moderately wounded.
The magic dart hits the orc wizard.
The orc wizard is moderately wounded.
A two-headed ogre comes into view. It is wielding two +0 giant clubs.
The magic dart hits the orc wizard but does no damage.
The orc wizard is moderately wounded.
A two-headed ogre comes into view. It is wielding two +0 giant clubs.
The magic dart hits the orc wizard.
The orc wizard is severely wounded.
The orc wizard casts a spell at you. The magic dart hits you.
The magic dart hits the orc wizard.
The orc wizard is almost dead.
The magic dart hits the orc wizard.
You kill the orc wizard!
Vehumet accepts your kill.
Vehumet offers you knowledge of Volatile Blastmotes.
You feel your power returning.
The magic dart hits the two-headed ogre but does no damage.
The magic dart hits the two-headed ogre.
The two-headed ogre is lightly wounded.
Casting: Magic Dart (safe; 1% risk of failure)
Confirm with . or Enter, or press ? or * to list all spells.
You erupt in a blast of force!
The mystic blast hits the two-headed ogre!
The two-headed ogre is moderately wounded.
The two-headed ogre is knocked back by the mystic blast.
The mystic blast hits the two-headed ogre.
The two-headed ogre is lightly wounded.
The two-headed ogre hits you with a +0 giant club!!
* * * LOW HITPOINT WARNING * * *
The two-headed ogre hits you with a +0 giant club!!
You die...

#..............
......... .....
...............
...............
....)..[#......
.....)....)....
$.....$........
...O..O@.....#
.......)..<..#
.........[.....
.......[[..#...
............#..
#..............
#..............
##......#......


You could see 2 two-headed ogres.

Vanquished Creatures
  4 two-headed ogres
  Pikel (D:9)
  An orc sorcerer (Orc:2)
  Joseph (D:8)
  Maggie (D:10)
  2 trolls (Orc:1)
  Sigmund (D:2)
  A shadow (D:9)
  A wyvern (D:8)
  A wraith (D:10)
  14 yaks
  Grum (D:8)
  A steam dragon (D:8)
  2 wargs (Orc:1)
  2 water moccasins
  11 orc warriors
  A sky beast (D:8)
  An ice beast (D:5)
  3 black bears
  7 ogres
  2 wolves (D:8)
  4 centaurs
  2 lemures (D:9)
  2 phantoms
  2 kobold brigands
  A bullfrog (D:6)
  A gnoll sergeant (D:6)
  A necrophage (D:6)
  7 wights
  6 killer bees (D:9)
  A troll zombie (D:9)
  A howler monkey (D:10)
  14 orc priests
  2 hounds
  2 jellies
  A gnoll bouda (D:7)
  A sleepcap (D:5)
  Jessica (D:3)
  3 iguanas
  24 orc wizards
  7 ogre zombies (D:9)
  A hound skeleton (D:6)
  8 gnolls
  9 adders
  A shadow imp (D:5)
  3 white imps
  An ufetubus (D:7)
  A worm (D:4)
  7 dart slugs
  47 orcs
  4 ball pythons
  9 endoplasms
  2 giant cockroaches
  6 goblins
  7 hobgoblins
  2 jackals (D:2)
  12 kobolds
  2 quokkas
  6 bats
  2 frilled lizards
  A goblin skeleton (D:9)
  5 goblin zombies (D:9)
  3 hobgoblin skeletons (D:9)
  2 hobgoblin zombies (D:9)
  2 orc skeletons (D:9)
  12 orc zombies (D:9)
  4 rats
301 creatures vanquished.

Vanquished Creatures (collateral kills)
  A sky beast (D:6)
  An adder (D:6)
2 creatures vanquished.

Vanquished Creatures (others)
  An orc (Orc:2)
1 creature vanquished.

Grand Total: 304 creatures vanquished

Notes
Turn   | Place    | Note
-------+----------+-------------------------------------------
     0 | D:1      | horus123 the Deep Elf Conjurer began the quest for the Orb.
     0 | D:1      | Reached XP level 1. HP: 10/10 MP: 6/6
   225 | D:1      | Reached XP level 2. HP: 15/15 MP: 3/9
   704 | D:1      | Learned a level 2 spell: Searing Ray
  1115 | D:2      | Reached XP level 3. HP: 19/19 MP: 2/11
  1216 | D:2      | Reached skill level 5 in Spellcasting
  1251 | D:2      | Noticed Sigmund
  1276 | D:2      | Killed Sigmund
  1277 | D:2      | Reached XP level 4. HP: 16/24 MP: 1/15
  1277 | D:2      | Reached XP level 5. HP: 19/28 MP: 1/17
  1385 | D:2      | Learned a level 4 spell: Iskenderun's Mystic Blast
  1599 | D:2      | Found a faded altar of an unknown god.
  2004 | D:3      | Identified the +6 war axe of Naiwema {drain, rC+ rN+ Str+2}
  2174 | D:3      | Noticed Jessica
  2176 | D:3      | Killed Jessica
  2428 | D:3      | Reached skill level 5 in Conjurations
  2492 | D:3      | Reached XP level 6. HP: 32/32 MP: 17/19
  2871 | D:4      | Reached skill level 1 in Translocations
  3117 | D:4      | Reached XP level 7. HP: 36/36 MP: 12/20
  3261 | D:4      | Reached skill level 5 in Translocations
  3637 | D:5      | Entered Level 5 of the Dungeon
  3668 | D:5      | Reached skill level 1 in Fighting
  3780 | D:5      | Found a sparkling altar of Nemelex Xobeh.
  3790 | D:5      | Learned a level 4 spell: Anguish
  3989 | D:5      | Identified the +3 mace of a bazaar {venom, Int+2}
  4038 | D:5      | Found a bloodstained altar of Trog.
  4309 | D:5      | Reached skill level 1 in Hexes
  4309 | D:5      | Reached XP level 8. HP: 46/46 MP: 18/22
  4528 | D:6      | Reached skill level 1 in Necromancy
  4757 | D:6      | Reached skill level 5 in Necromancy
  4794 | D:6      | Learned a level 5 spell: Freezing Cloud
  5201 | D:6      | Found a burning altar of Makhleb.
  5383 | D:7      | Reached skill level 5 in Hexes
  5663 | D:7      | Found Yleoqum's Weapon Shoppe.
  5805 | D:7      | Found Roucakl Saok's Armour Shop.
  5844 | D:7      | Found a staircase to the Ecumenical Temple.
  5861 | Temple   | Entered the Ecumenical Temple
  5934 | Temple   | Became a worshipper of Vehumet
  6080 | D:7      | Reached XP level 9. HP: 50/50 MP: 21/23
  6251 | D:7      | Found Wonapp's Magic Scroll Emporium.
  6330 | D:7      | Found Zituaph's Weapon Emporium.
  6342 | D:7      | Found Wasisomifo's Antique Weapon Boutique.
  6698 | D:8      | Found a sacrificial altar of Ru.
  6699 | D:8      | Found a snail-covered altar of Cheibriados.
  6711 | D:8      | Noticed Grum
  6737 | D:8      | Reached skill level 5 in Air Magic
  7160 | D:8      | Reached skill level 1 in Ice Magic
  7268 | D:8      | Killed Grum
  7269 | D:8      | Reached XP level 10. HP: 52/56 MP: 5/24
  7405 | D:8      | Noticed Joseph
  7712 | D:8      | Killed Joseph
  7835 | D:8      | Reached * piety under Vehumet
  7835 | D:8      | Offered knowledge of Sandblast by Vehumet.
  7838 | D:8      | Learned a level 1 spell: Sandblast
  7972 | D:9      | Reached skill level 5 in Ice Magic
  8399 | D:9      | Found a staircase to the Orcish Mines.
  8445 | D:9      | Offered knowledge of Kiss of Death by Vehumet.
  8449 | D:9      | Reached ** piety under Vehumet
  8847 | D:9      | Noticed a two-headed ogre
  8859 | D:9      | Killed a two-headed ogre
  9033 | D:9      | Offered knowledge of Poisonous Vapours by Vehumet.
  9133 | D:9      | Learned a level 8 spell: Ignition
  9149 | D:9      | Noticed Pikel
  9163 | D:9      | Killed Pikel
  9164 | D:9      | Reached XP level 11. HP: 44/60 MP: 10/25
  9539 | D:10     | Entered Level 10 of the Dungeon
  9539 | D:10     | Found a basalt altar of Yredelemnul.
  9556 | D:10     | Reached *** piety under Vehumet
  9571 | D:10     | Found Rinlag's Jewellery Emporium.
  9607 | D:10     | Noticed Maggie
  9616 | D:10     | Killed Maggie
  9832 | D:10     | Found a shimmering altar of Xom.
  9895 | D:10     | Found a staircase to the Lair.
  9907 | D:10     | Noticed a two-headed ogre
  9916 | D:10     | Killed a two-headed ogre
  9917 | D:10     | Reached skill level 5 in Fire Magic
  9918 | D:10     | Offered knowledge of Sticky Flame by Vehumet.
 10014 | D:10     | Noticed a two-headed ogre
 10020 | D:10     | Killed a two-headed ogre
 10175 | Orc:1    | Entered Level 1 of the Orcish Mines
 11215 | Orc:2    | Entered Level 2 of the Orcish Mines
 11222 | Orc:2    | Noticed an orc sorcerer
 11568 | Orc:2    | Noticed a sixfirhy
 11992 | Orc:1    | Reached **** piety under Vehumet
 12117 | Orc:2    | Noticed a two-headed ogre
 12133 | Orc:1    | Killed a two-headed ogre
 12428 | Orc:2    | Killed an orc sorcerer
 12478 | Orc:2    | Noticed a two-headed ogre
 12479 | Orc:2    | Noticed a two-headed ogre
 12482 | Orc:2    | Offered knowledge of Volatile Blastmotes by Vehumet.
 12485 | Orc:2    | Demolished by a two-headed ogre

Illustrated notes

Levels and vault maps discovered:
D:1:      nzn_arrival_settlement, layout_basic
D:2:      layout_loops_cross, chequers_ecumenical_altar_simple_redux,
          uniq_sigmund
D:3:      kennysheep_six_static_rooms, layout_basic, minmay_stone_trees_small,
          uniq_jessica
D:4:      layout_loops_ring, minmay_a_box_with_orc_wizards_in_it
D:5:      layout_loops_ring, trog_three_pillars_becter, general_overflow_altar,
          solitary_fountain
D:6:      layout_loops_ring, makhleb_blood_cavern_becter
D:7:      layout_loops_cross, minmay_temple_entry_stoned_glass, serial_shops,
          nicolae_shop_advertising_works [nicolae_subvault_shop_adworks], shop,
          nicolae_shop_window_shopping, shop, kennysheep_mini_moat
D:8:      layout_basic, grunt_temple_overflow_open, uniq_grum, uniq_joseph
D:9:      layout_stronghold, zombieorc2_lemuel, abandoned_shop,
          minmay_misc_feat_diagonals, uniq_pikel
D:10:     layout_rooms, lemuel_crystal_altar, mainiacjoe_overflow_chevrons,
          dpeg_oklobed_lair, serial_shops, nicolae_shop_rolling_square,
          hangedman_abyss_or_decor_stabs, uniq_maggie
Temple:   regret_index_temple_waves
Orc:1:    layout_caves, basic_altar
Orc:2:    st_orc_ogre_mass, layout_caves

Skill      XL: |  1  2  3  4  5  6  7  8  9 10 11 |
---------------+----------------------------------+-----
Spellcasting   | 4 7 8 |  8.0
Conjurations   | 5 6 8 |  8.3
Translocations | 3 5 |  5.0
Fighting       | 3 |  3.0
Hexes          | 1 7 9 |  9.9
Necromancy     | 5 |  5.3
Air Magic      | 7 |  7.9
Ice Magic      | 2 6 |  6.0
Fire Magic     | 2 9 |  9.6
Dodging        | |  2.4
Stealth        | |  2.4

Action                     |  1- 3 |  4- 6 |  7- 9 | 10-12 || total
---------------------------+-------+-------+-------+-------++-------
  Melee: Mace              |       |       |       |     3 ||     3
   Cast: Magic Dart        |    52 |   134 |   148 |   214 ||   548
         Searing Ray       |     2 |     3 |    31 |    29 ||    65
         Iskenderun's Myst |       |       |    27 |   124 ||   151
         Anguish           |       |       |     3 |     4 ||     7
         Freezing Cloud    |       |       |       |     5 ||     5
    Use: Scroll            |       |       |     8 |       ||     8
 Armour: Robe              |     1 |     2 |     6 |    49 ||    58
  Dodge: Dodged            |     4 |    14 |    49 |   158 ||   225

Table legend: (Time is in decaauts)
 A = Elapsed time spent in this place.
 B = Non-inter-level travel time spent in this place.
 C = Inter-level travel time spent in this place.
 D = Time resting spent in this place.
 E = Time spent auto-exploring this place.
 F = Levels seen in this place.
 G = Mean time per level.
                   A        B        C        D        E       F      G
               +--------+--------+--------+--------+--------+-----+--------+
         Total |  12525 |  11804 |    721 |   2884 |   6505 |  13 |  963.5 |
       Dungeon |  10761 |  10088 |    673 |   1725 |   6333 |  10 | 1076.1 |
        Temple |    123 |     76 |     47 |      0 |      0 |   1 |  123.0 |
  Orcish Mines |   1640 |   1640 |      0 |   1159 |    172 |   2 |  820.0 |
               +--------+--------+--------+--------+--------+-----+--------+

Top non-repeatable levels by time:
     D:9: 1775 daAuts
   Orc:1: 1565 daAuts
     D:7: 1413 daAuts
     D:8: 1370 daAuts
     D:1: 1064 daAuts
     D:4: 1029 daAuts
     D:2: 996 daAuts
     D:6: 981 daAuts
     D:5: 796 daAuts
     D:3: 707 daAuts
    D:10: 626 daAuts
  Temple: 123 daAuts
   Orc:2: 74 daAuts
